 Dungeon Crawl Stone Soup version 0.31-a0-819-gf6de2f5ab6 (webtiles) character file.

Game seed: 12206235082554973796

58 demibob the Poker (level 4, -7/35 HPs)
             Began as a Merfolk Chaos Knight on Sept 24, 2023.
             Was a Plaything of Xom.
             Mangled by a deep troll (shapeshifter) (19 damage)
             ... on level 2 of the Dungeon.
             The game lasted 00:02:13 (1328 turns).

demibob the Poker (Merfolk Chaos Knight)            Turns: 1328, Time: 00:02:13

Health: -7/35      AC:  5    Str: 12    XL:     4   Next: 1%
Magic:  4/4        EV: 12    Int: 11    God:    Xom [*.....]
Gold:   89         SH:  0    Dex: 15    Spells: 3/3 levels left

rFire   . . .        a - +0 spear (chaos)
rCold   . . .        (no shield)
rNeg    . . .        b - +2 leather armour
rPois   .            (no helmet)
rElec   .            (no cloak)
rCorr   .            (no gloves)
SInv    .            (no boots)
Will    .....        (no amulet)
Stlth   +            (no ring)
HPRegen 0.25/turn    (no ring)
MPRegen 0.09/turn

%: no passive effects
@: mighty, brilliant, invisible
A: (nimble swimmer 2), mertail
a: Renounce Religion


You were on level 2 of the Dungeon.
You worshipped Xom.
You were a special plaything of Xom.
You visited 1 branch of the dungeon, and saw 2 of its levels.

You collected 89 gold pieces.


Innate Abilities, Weirdness & Mutations

((You are very nimble when in or above water. (Stealth+, EV+, Speed+++)))
Your lower body shifts to a powerful aquatic tail in water.


   Skills:
 - Level 3.2 Fighting
 + Level 6.3 Polearms
 - Level 0.6 Armour
 - Level 2.6 Dodging


You had 3 spell levels left.
You didn't know any spells.
Your spell library was empty.

Inventory:

Hand Weapons
 a - a +0 spear of chaos (weapon)
Armour
 b - a +2 leather armour (worn)
Magical Staves
 i - a staff of cold {!a}
Jewellery
 j - an amulet of guardian spirit
Scrolls
 g - a scroll of noise
 k - a scroll of silence {!r}
 l - a scroll of identify {@r1}
 m - a scroll of blinking {unknown}
Potions
 e - 2 potions of ambrosia
 f - a potion of brilliance
 h - a potion of curing {@q1}

Dungeon Overview and Level Annotations

Branches:
Dungeon (2/15)

Altars:

#+# # #.# #.# ##.##
##...## #.....#
#...#
###.#####.#######.#
......).....§@T§..#
###.#####.#########
#.# #.# #.# #.# #.#
######## #.#
.......# #.#
###########


You could see a deep troll shaped shifter (fast).


Message History

Press: ? - help, Dir - move target, f - deep troll
Aim: a deep troll shaped shifter (magical condensation, about 35% to evade your +0 spear of chaos)
You could not reach far enough!
Unknown command.
Reach: a) +0 spear (chaos)
Press: ? - help, Dir - move target, f/p - deep troll
Aim: a deep troll shaped shifter (magical condensation, about 35% to evade your +0 spear of chaos)
You reach to attack!
You hit the deep troll.
The deep troll is lightly wounded.
The deep troll bites your butterfly!
Your butterfly dies!
Your butterfly disappears in a burst of colours!
Reach: a) +0 spear (chaos)
Press: ? - help, Dir - move target, f/p - deep troll
Aim: a deep troll shaped shifter (magical condensation, lightly wounded, about 35% to evade your +0 spear of chaos)
You reach to attack!
You hit the deep troll. You burn the deep troll.
The deep troll is lightly wounded.
Unknown command.
You closely miss the deep troll.
The deep troll is lightly wounded.
The deep troll barely misses you. The deep troll claws you.
* * * LOW HITPOINT WARNING * * *
The deep troll claws you.
* * * LOW HITPOINT WARNING * * *
You puncture the deep troll!
The deep troll seems to speed up.
The deep troll is moderately wounded.
The deep troll bites you!!
Ouch! That really hurt!
You die...
Xom roars with laughter!

Skill      XL: |  1  2  3 |
---------------+----------+-----
Polearms       | 5 6 |  6.3
Fighting       | |  3.2
Armour         | |  0.6
Dodging        | |  2.6

Action                     |  1- 3 |  4- 6 || total
---------------------------+-------+-------++-------
  Melee: Spear             |   102 |     9 ||   111
         Punch             |     1 |       ||     1
    Use: Scroll            |     4 |     1 ||     5
         Potion            |       |     4 ||     4
   Stab: Sleeping          |     2 |       ||     2
 Armour: Leather armour    |    24 |     4 ||    28
  Dodge: Dodged            |    49 |     3 ||    52

Levels and vault maps discovered:
D:1:      dpeg_arrival_snail, layout_loops_ring, basic_ecumenical_altar,
          ebering_dispersal_statue_hall
D:2:      layout_loops_corners, kennysheep_generic_room_8

Notes
Turn   | Place    | Note
-------+----------+-------------------------------------------
     0 | D:1      | demibob the Merfolk Chaos Knight began the quest for the
                  | Orb.
     0 | D:1      | Reached XP level 1. HP: 18/18 MP: 1/1
    88 | D:1      | Found a faded altar of an unknown god.
   162 | D:1      | Reached XP level 2. HP: 24/24 MP: 2/2
   281 | D:1      | Reached skill level 5 in Polearms
   391 | D:1      | XOM: divination: magic mapping
   519 | D:1      | Reached XP level 3. HP: 25/29 MP: 3/3
   935 | D:2      | Reached skill level 6 in Polearms
  1052 | D:2      | XOM: 4-stop teleportation journey
  1065 | D:2      | XOM: divination: detect creatures
  1295 | D:2      | Reached XP level 4. HP: 32/35 MP: 4/4
  1313 | D:2      | an endoplasm changed into a shapeshifter
  1313 | D:2      | Noticed a shapeshifter (shapeshifter)
  1314 | D:2      | a shapeshifter changed into a raiju
  1314 | D:2      | Noticed a raiju (shapeshifter)
  1320 | D:2      | XOM: smoke on damage
  1322 | D:2      | a raiju changed into a deep troll
  1322 | D:2      | Noticed a deep troll (shapeshifter)
  1323 | D:2      | XOM: potion effect (invisibility)
  1328 | D:2      | Mangled by a deep troll (shapeshifter)

Vanquished Creatures
  2 adders (D:2)
  A worm (D:2)
  An orc (D:2)
  4 endoplasms
  A giant cockroach (D:1)
  5 goblins
  3 hobgoblins
  6 ball pythons (D:1)
  4 bats (D:1)
  2 frilled lizards
  A kobold (D:1)
  3 rats (D:2)
33 creatures vanquished.

Table legend: (Time is in decaauts)
 A = Elapsed time spent in this place.
 B = Non-inter-level travel time spent in this place.
 C = Inter-level travel time spent in this place.
 D = Time resting spent in this place.
 E = Time spent auto-exploring this place.
 F = Levels seen in this place.
 G = Mean time per level.
                   A        B        C        D        E       F      G
               +--------+--------+--------+--------+--------+-----+--------+
         Total |   1309 |   1297 |     12 |     31 |   1043 |   2 |  654.5 |
       Dungeon |   1309 |   1297 |     12 |     31 |   1043 |   2 |  654.5 |
               +--------+--------+--------+--------+--------+-----+--------+

Top non-repeatable levels by time:
     D:1: 766 daAuts
     D:2: 543 daAuts

Table legend:
 A = Non-vault XP
 B = Vault XP
 C = Vault XP percentage of total XP
 D = Non-vault monster count
 E = Vault monster count
 F = Vault count percentage of total count
                 A         B        C        D         E       F
            +---------+---------+-------+---------+---------+-------
      Total |      82 |       1 |   1.2 |      33 |       1 |   2.9
            +---------+---------+-------+---------+---------+-------
        D:1 |      37 |       0 |   0.0 |      22 |       0 |   0.0
        D:2 |      45 |       1 |   2.2 |      11 |       1 |   8.3
            +---------+---------+-------+---------+---------+-------
